 Dungeon Crawl Stone Soup version 0.29-a0-43-g62a80824bf (webtiles) character file.

Game seed: 15627310258778105504

69 Ajdolov the Cudgeller (level 4, 0/39 HPs)
             Began as a Minotaur Fighter on Feb 2, 2022.
             Slain by an orc wizard (4 damage)
             ... on level 3 of the Dungeon.
             The game lasted 00:02:35 (2124 turns).

Ajdolov the Cudgeller (Minotaur Fighter)            Turns: 2124, Time: 00:02:36

Health: 0/39       AC:  6    Str: 22    XL:     4   Next: 2%
Magic:  3/3        EV:  9    Int:  5    God:
Gold:   32         SH:  4    Dex: 10    Spells: 3/3 levels left

rFire   . . .      SeeInvis .   h - +0 morningstar
rCold   . . .      Faith    .   c - +0 buckler
rNeg    . . .      Spirit   .   b - +0 scale mail
rPois   .          Reflect  .   (helmet restricted)
rElec   .          Harm     .   (no cloak)
rCorr   .          Rampage  .   (no gloves)
Will    .....                   (no boots)
Stlth   ..........              (no amulet)
HPRegen 0.13/turn               (no ring)
MPRegen 0.08/turn               (no ring)

@: no status effects
A: horns 2, retaliatory headbutt
a: no special abilities


You were on level 3 of the Dungeon.
You visited 1 branch of the dungeon, and saw 3 of its levels.

You collected 32 gold pieces.

Inventory:

Hand Weapons
 h - a +0 morningstar (weapon)
Armour
 b - a +0 scale mail (worn)
 c - a +0 buckler (worn)
Scrolls
 a - 2 scrolls of blinking {unknown}
 e - a scroll of magic mapping {unknown}
 f - 3 scrolls of identify {unknown}
 i - a scroll of noise {unknown}
Potions
 d - 2 potions of might
 g - a potion of degeneration {unknown}


   Skills:
 - Level 3.6 Fighting
 * Level 5.3 Maces & Flails
 - Level 3.6 Armour
 - Level 3.6 Shields


You had 3 spell levels left.
You didn't know any spells.
Your spell library contained the following spells:

 Spells                   Type           Power      Damage    Failure   Level
 Beastly Appendage        Tmut           0%         N/A       88%         1
 Corpse Rot               Necr/Air       0%         N/A       95%         2
 Poisonous Vapours        Pois/Air       0%         N/A       95%         2
 Wereblood                Tmut           0%         N/A       95%         2
 Spider Form              Tmut/Pois      0%         N/A       99%         3


Dungeon Overview and Level Annotations

Branches:
Dungeon (3/15)

Altars:


Innate Abilities, Weirdness & Mutations

You have a pair of horns on your head.
You reflexively headbutt those who attack you in melee.


Message History

The throwing net closely misses you.
You hit something. Your headbutt misses something.
You hear some strange, mumbled words.
A puff of flame appears from out of thin air!
The puff of flame hits you!
The gnoll hits you from afar with a +0 spear.
Something hits you.
You closely miss something. Your headbutt misses something.
The gnoll barely misses you. Something hits you.
You miss something.
The gnoll hits you from afar with a +0 spear.
Something hits you.
You barely miss something. The gnoll barely misses you.
You block something's attack.
You miss something. The gnoll hits you but does no damage.
You hear some strange, mumbled words.
A magic dart appears from out of thin air!
The magic dart hits you.
* * * LOW HITPOINT WARNING * * *
The gnoll hits you but does no damage. Something hits you but does no damage.
Unknown command.
You closely miss something. The gnoll closely misses you. Something hits you.
* * * LOW HITPOINT WARNING * * *
You barely miss something. The gnoll hits you but does no damage.
Something hits you but does no damage.
Unknown command.
You closely miss something.
The gnoll hits you from afar with a +0 spear.
* * * LOW HITPOINT WARNING * * *
Something hits you but does no damage. The gnoll hits you but does no damage.
Something hits you but does no damage.
Unknown command.
You miss something. The gnoll closely misses you.
You hear some strange, mumbled words.
Something tries to affect you, but you resist.
You barely miss something.
The gnoll hits you from afar with a +0 spear.
* * * LOW HITPOINT WARNING * * *
Something hits you.
You die...

..... #..... ...
##.....##...
#.........g.
#.......##g#
......##g# ....##g# #
#.o##.# #..#.#.)##@#
........##{########
.#.#.#...)........# #
#.###.######.#########
.......(#
#...........#
###.....#
#.#.#######.# #.....#
#.#.# #.# #.##..#
#.#.# #.# ... #..#
#.#.# #####.#


You could see 4 gnolls.

Vanquished Creatures
  2 adders (D:2)
  A dart slug (D:1)
  2 orcs (D:3)
  7 endoplasms
  6 giant cockroaches
  5 goblins
  3 hobgoblins
  A quokka (D:1)
  A ball python (D:1)
  4 bats
  A frilled lizard (D:1)
  4 kobolds
  5 rats
42 creatures vanquished.

Vanquished Creatures (others)
  2 plants (D:2)
2 creatures vanquished.

Grand Total: 44 creatures vanquished

Notes
Turn   | Place    | Note
-------+----------+-------------------------------------------
     0 | D:1      | Ajdolov the Minotaur Fighter began the quest for the Orb.
     0 | D:1      | Reached XP level 1. HP: 19/19 MP: 0/0
    57 | D:1      | Reached skill level 3 in Maces & Flails
   185 | D:1      | Reached XP level 2. HP: 26/26 MP: 1/1
   520 | D:1      | Reached skill level 4 in Maces & Flails
   957 | D:2      | Reached XP level 3. HP: 23/31 MP: 2/2
  1607 | D:2      | Reached skill level 5 in Maces & Flails
  2108 | D:3      | Reached XP level 4. HP: 36/39 MP: 3/3
  2124 | D:3      | Slain by an orc wizard

Illustrated notes

Levels and vault maps discovered:
D:1:      minmay_arrival_stair_chambers, layout_loops_ring
D:2:      layout_rooms, serial_forest, infiniplex_forest_straight_4,
          infiniplex_forest_lined_2, infiniplex_forest_end_double,
          infiniplex_forest_join, infiniplex_forest_end_1,
          infiniplex_forest_lined_corner, minmay_misc_feat_pillars,
          chequers_serial_rivers_room_a, minmay_worlds_worst_comb
D:3:      layout_loops_ring, kennysheep_small_spiral

Skill      XL: |  1  2  3 |
---------------+----------+-----
Maces & Flails | 3 4 5 |  5.3
Fighting       | |  3.6
Armour         | |  3.6
Shields        | |  3.6

Action                   |  1- 3 |  4- 6 || total
-------------------------+-------+-------++-------
Melee: Flail             |    18 |       ||    18
       Headbutt          |     8 |       ||     8
       Morningstar       |    63 |    12 ||    75
Armor: Scale mail        |    23 |    10 ||    33
Dodge: Dodged            |    44 |    10 ||    54
Block: Buckler           |    14 |     1 ||    15

Table legend: (Time is in decaauts)
 A = Elapsed time spent in this place.
 B = Non-inter-level travel time spent in this place.
 C = Inter-level travel time spent in this place.
 D = Time resting spent in this place.
 E = Time spent auto-exploring this place.
 F = Levels seen in this place.
 G = Mean time per level.
                   A        B        C        D        E       F      G
               +--------+--------+--------+--------+--------+-----+--------+
         Total |   2151 |   2074 |     77 |      4 |   1821 |   3 |  717.0 |
       Dungeon |   2151 |   2074 |     77 |      4 |   1821 |   3 |  717.0 |
               +--------+--------+--------+--------+--------+-----+--------+

Top non-repeatable levels by time:
     D:2: 992 daAuts
     D:1: 925 daAuts
     D:3: 232 daAuts
